AoeStats
← Robyht

African Clearing

510317056Analyzed
2v2 RM · 19h ago on Sep 30, 2026· 26m 14s· 4 players
Game mode
Random Map
Map size
Medium (4 player)
Population
200
Speed
Normal
Resources
Standard
Victory
Conquest
Starting age
Dark Age
Ending age
Imperial Age
RankedLock teamsTeams togetherTeam positionsShared explorationLock speedFull tech treeHidden civsTurbo modeCheats
Victory
Defeat
🇮🇹 Romans · Italy
933
+16
🇮🇹 Bohemians · Italy
933
+17
🇨🇳 Vietnamese · China
967
-17
🇨🇳 Persians · China
929
-16
Robyht
7:17 Loom
15:08 Feudal Age
16:06 Town Watch
15:54 Man-at-Arms
22:25 Horse Collar
26:02 Castle Age
24:39 Double-Bit Axe
25:12 Fletching
DaffySpace6253
11:50 Loom
13:56 Feudal Age
19:19 Castle Age
21:56 Fletching
1510232110
5:10 Loom
14:03 Feudal Age
1725629104
3:40 Loom
17:22 Feudal Age
22:33 Horse Collar
26:17 Castle Age
25:11 Double-Bit Axe
Connection lost

Rejoining the realm…

Still unreachable

The connection could not be restored.

Session expired

The server has moved on; the page needs a fresh start.